 Dungeon Crawl Stone Soup version 0.23-a0-445-g768d57b (webtiles) character file.

103928 MacSuks the Eclecticist (level 15, -5/84 HPs)
             Began as a Deep Elf Fire Elementalist on Nov 17, 2018.
             Was a High Priest of Vehumet.
             Killed from afar by a shock serpent (17 damage)
             ... with a bolt of electricity
             ... on level 2 of the Snake Pit on Nov 18, 2018.
             The game lasted 03:01:50 (33117 turns).

MacSuks the Eclecticist (DEFE)                     Turns: 33117, Time: 03:01:50

Health: -5/84      AC: 19    Str: 13    XL:     15   Next: 90%
Magic:  35/45      EV: 14    Int: 22    God:    Vehumet [*****.]
Gold:   1967       SH: 15    Dex: 15    Spells: 3/44 levels left

rFire    + . .     SeeInvis .   b - +8 trident (pierce)
rCold    . . .     Gourm    .   i - +2 shield {rF+}
rNeg     + . .     Faith    .   Q - +4 troll leather armour {Snorg}
rPois    +         Spirit   .   j - +0 helmet
rElec    .         Reflect  .   J - scarf {repulsion}
rCorr    .         Harm     .   L - +2 pair of gloves
MR       +....                  d - +2 pair of boots
Stlth    ++........             l - amulet "Egeler" {+Rage rN+ MP+9 Str+3}
HPRegen  0.64/turn              n - +2 ring of protection
MPRegen  0.29/turn              A - ring of poison resistance

@: repel missiles
A: no striking features
a: Renounce Religion, Evoke Berserk Rage


You were on level 2 of the Snake Pit.
You worshipped Vehumet.
Vehumet was extremely pleased with you.
You were hungry.

You visited 5 branches of the dungeon, and saw 26 of its levels.
You also visited: Bailey.

You collected 2192 gold pieces.
You spent 225 gold pieces at shops.

Inventory:

Hand Weapons
 b - a +8 trident of piercing (weapon)
Missiles
 f - 2 throwing nets (quivered)
 X - 257 arrows
Armour
 d - a +2 pair of boots (worn)
 i - a +2 shield of fire resistance (worn)
 j - a +0 helmet (worn)
 J - a scarf of repulsion (worn)
 L - a +2 pair of gloves (worn)
 Q - a +4 troll leather armour (worn) {Snorg}
Magical Staves
 a - an uncursed staff of wizardry
 Z - an uncursed staff of cold
Jewellery
 l - the amulet "Egeler" (around neck) {+Rage rN+ MP+9 Str+3}
   (You found it on level 1 of the Lair of Beasts)

   [amulet of rage]

   It affects your strength (+3).
   It protects you from negative energy.
   It affects your magic capacity (+9).
   It lets you go berserk.
 n - a +2 ring of protection (left hand)
 y - an uncursed ring of see invisible
 A - a ring of poison resistance (right hand)
 B - an uncursed ring of protection from fire
 F - an uncursed ring of resist corrosion
 K - an uncursed ring of wizardry
Wands
 k - a wand of random effects (24)
 E - a wand of paralysis (6)
 H - a wand of iceblast (16)
Scrolls
 g - 6 scrolls of amnesia
 o - 11 scrolls of teleportation
 r - 16 scrolls of remove curse
 s - 3 scrolls of fear
 t - a scroll of fog
 u - 2 scrolls of magic mapping
 x - a scroll of summoning
 M - a scroll of enchant armour
 N - a scroll of blinking
 V - 2 scrolls of vulnerability
Potions
 h - 3 potions of flight
 p - a potion of agility
 q - a potion of cancellation
 v - a potion of mutation
 w - 3 potions of might
 z - 5 potions of lignification
 D - 5 potions of heal wounds
 G - 12 potions of curing
 O - 3 potions of brilliance
 P - a potion of haste
 U - a potion of invisibility
Miscellaneous
 e - a sack of spiders
Comestibles
 c - 33 rations


   Skills:
 * Level 6.2 Fighting
 - Level 0.6(0.7) Polearms
 - Level 0.4(0.8) Staves
 - Level 8.4 Armour
 * Level 4.1 Dodging
 * Level 3.2 Stealth
 - Level 14.7 Shields
 - Level 15.2 Spellcasting
 + Level 10.2 Conjurations
 * Level 5.0 Hexes
 - Level 6.0 Charms
 - Level 2.4 Necromancy
 - Level 0.1 Translocations
 - Level 1.2 Transmutations
 + Level 10.4 Fire Magic
 - Level 0.5 Evocations


You had 3 spell levels left.
You knew the following spells:

 Your Spells              Type           Power        Failure   Level  Hunger
a - Flame Tongue          Conj/Fire      #####        1%          1    None
b - Conjure Flame         Conj/Fire      ######..     1%          3    None
c - Sticky Flame          Conj/Fire      ######..     1%          4    None
d - Fireball              Conj/Fire      ######....   1%          5    ###....
e - Apportation           Tloc           ###...       4%          1    None
f - Animate Skeleton      Necr           N/A          1%          1    None
g - Dazzling Spray        Conj/Hex       ######       1%          3    None
h - Sticks to Snakes      Tmut           ###.....     4%          2    None
i - Force Lance           Conj/Tloc      #####...     1%          4    None
j - Irradiate             Conj/Tmut      #####.....   3%          5    ###....
k - Regeneration          Chrm/Necr      #####.....   2%          3    None
l - Swiftness             Chrm/Air       ####....     1%          2    None
m - Passage of Golubria   Tloc           N/A          41%         4    None
n - Confuse               Hex            #####...     1%          3    None

Your spell library contained the following spells:

 Spells                   Type           Power        Failure   Level  Hunger
 Iskenderun's Battlesphe  Conj/Chrm      ######..     1%          5    ###....
 Confusing Touch          Hex            #####.       1%          1    None
 Corona                   Hex            #####..      1%          1    None
 Infusion                 Chrm           ####         1%          1    None
 Magic Dart               Conj           ####         1%          1    None
 Sandblast                Erth           ###...       1%          1    None
 Shroud of Golubria       Chrm/Tloc      ####......   1%          2    None
 Song of Slaying          Chrm           #####...     1%          2    None
 Throw Flame              Conj/Fire      ######       1%          2    None
 Inner Flame              Hex/Fire       ######..     1%          3    None
 Spectral Weapon          Hex/Chrm       #####...     1%          3    None
 Stone Arrow              Conj/Erth      #####.       1%          3    None
 Tukima's Dance           Hex            #####...     1%          3    None
 Beastly Appendage        Tmut           ###...       2%          1    None
 Ensorcelled Hibernation  Hex/Ice        ####..       2%          2    None
 Summon Small Mammal      Summ           ###.         4%          1    None
 Passwall                 Tmut/Erth      ###.....     5%          2    None
 Spider Form              Tmut/Pois      ###.......   11%         3    None
 Lee's Rapid Deconstruct  Erth           ###.......   30%         5    ###....
 Ice Form                 Ice/Tmut       ###.....     34%         4    None
 Petrify                  Tmut/Erth      ###.....     34%         4    None
 Blade Hands              Tmut           ###.......   58%         5    ###....
 Darkness                 Hex            #####.....   65%         6    #####..
 Invisibility             Hex            #####...     65%         6    #####..


Dungeon Overview and Level Annotations

Branches:
Dungeon (15/15)            Temple (1/1) D:5            Lair (6/6) D:10
  Swamp (0/4) Lair:4        Snake (2/4) Lair:3        Slime (0/5) Lair:5
    Orc (2/2) D:9          Vaults (0/5) D:13
    Elf: Orc:2       Depths: D:15

Altars:
Ashenzari
Cheibriados
Dithmenos
Elyvilon
Fedhas
Gozag
Hepliaklqana
Kikubaaqudgha
Makhleb
Nemelex Xobeh
Okawaru
Qazlal
Ru
Sif Muna
Trog
Uskayaw
Vehumet
Wu Jian
Xom
Yredelemnul
Zin
The Shining One

Shops:
D:13 (   D:14 *   Orc:1 *

Portals:
Trove: D:11 (give +3 ice dragon scales)

Annotations:
D:2 Sigmund
D:4 2 transporters, derval's ghost, amateur DDEE
D:10 exclusion: 2 downstairs
D:11 exclusion: 2 downstairs
D:13 exclusion: 2 downstairs
D:14 exclusion: 2 downstairs
Orc:1 exclusion: 2 downstairs
Orc:2 Azrael


Message History

Aim: a shock serpent (moderately wounded)
The fireball explodes!
The fireball engulfs the shock serpent.
The shock serpent is severely wounded.
The shock serpent's electric aura discharges, shocking you!
* * * LOW HITPOINT WARNING * * *
The shock serpent closely misses you.
Casting: Fireball (safe; 1% risk of failure)
Confirm with . or Enter, or press ? or * to list all spells.
Aiming: Sticky Flame (safe; 1% risk of failure)
Press: ? - help, Shift-Dir - straight line, f/p - shock serpent
Aim: a shock serpent (severely wounded)
The sticky flame hits the shock serpent.
The shock serpent is almost dead.
The shock serpent is covered in liquid flames!
The shock serpent's electric aura discharges, shocking you!
* * * LOW HITPOINT WARNING * * *
The shock serpent burns!
The shock serpent shoots out a bolt of lightning at you!
The bolt of electricity hits you!
You die...

##### ##...##
##.....##
#######.......##
#..S@..........#
#.#####........#
#.# ##......##
.S# ##....## ##.#
##..## ...
##....## ...
##.)..).## ...
.##........#
.......#........#


You could see a shock serpent (burning).

Vanquished Creatures
  A caustic shrike zombie (D:15)
  Snorg (D:10)
  Erolcha (D:9)
  7 hydras
  3 vault guards (D:13)
  2 naga warriors
  2 anacondas (Snake:1)
  A two-headed ogre (D:13)
  2 centaur warriors
  2 tengu warriors (D:14)
  8 death yaks (Lair:6)
  A spriggan berserker (D:14)
  2 shock serpents (Snake:2)
  A deep elf knight (D:13)
  4 skeletal warriors
  A flayed ghost (D:15)
  A wizard (D:15)
  Pikel (D:4)
  A deep elf archer (D:13)
  2 orc knights (D:13)
  A lindwurm (Lair:6)
  3 deep elf magi
  16 ugly things
  3 orc sorcerers
  A salamander (Snake:1)
  7 elephants
  2 naga magi (Snake:1)
  5 spiny frogs
  Maurice (D:9)
  4 gargoyles
  13 black mambas
  3 komodo dragons
  A rime drake (Lair:5)
  An efreet (D:14)
  A freezing wraith (D:15)
  A queen bee (Lair:1)
  3 trolls
  2 polar bears (Lair:6)
  4 hornets
  A slime creature (D:11)
  9 blink frogs
  6 dream sheep (Lair:4)
  12 hippogriffs
  A shadow (D:14)
  6 spriggans (Lair:6)
  A vampire (D:15)
  4 wyverns
  3 wraiths
  3 fire elementals
  Eustachio (D:5)
  37 yaks
  2 vampire mosquitoes (D:14)
  3 hungry ghosts
  3 basilisks
  A warg (Orc:1)
  3 nagas
  8 water moccasins
  8 porcupines
  3 hell hounds
  4 sky beasts
  11 orc warriors
  2 ice beasts
  6 black bears
  13 ogres
  4 phantoms
  A necrophage (D:10)
  5 boggarts (Lair:6)
  23 wolves
  9 centaurs
  10 crocodiles
  18 bullfrogs
  6 scorpions
  41 killer bees
  3 wights (D:6)
  13 electric eels
  7 howler monkeys
  2 bullfrog zombies
  2 centaur zombies
  5 crimson imps
  A quasit (D:12)
  4 bullfrog skeletons
  9 hounds
  7 jellies
  A centaur skeleton (D:10)
  9 orc priests
  13 orc wizards
  8 iguanas
  6 worker ants
  A killer bee zombie (D:6)
  A howler monkey zombie (D:7)
  6 gnolls
  A worker ant zombie (D:11)
  10 adders
  2 shadow imps
  6 oozes
  3 adder skeletons
  2 worms
  4 dart slugs
  12 leopard geckos
  55 orcs
  3 ball pythons
  10 giant cockroaches
  16 goblins
  12 hobgoblins
  14 jackals
  4 quokkas
  9 bats
  22 frilled lizards
  23 kobolds
  A leopard gecko skeleton (D:5)
  6 rats
  A bush (Lair:1)
  A fungus (Lair:6)
  A plant (D:10)
700 creatures vanquished.

Vanquished Creatures (collateral kills)
  Nessos (Lair:5)
  2 hydras
  A naga warrior (Snake:1)
  3 death yaks (Lair:6)
  A shock serpent (Snake:1)
  Sonja (Lair:3)
  An elephant (Lair:5)
  A black mamba (Snake:1)
  A spiny frog (Lair:3)
  A komodo dragon (Lair:6)
  A polar bear (Lair:3)
  2 hornets (Lair:6)
  2 blink frogs
  2 dream sheep
  A wyvern (Lair:3)
  7 yaks
  7 spriggans (Lair:6)
  2 nagas (Snake:1)
  3 vampire mosquitoes (D:14)
  6 water moccasins
  A porcupine (Lair:3)
  10 wolves
  9 crocodiles
  2 bullfrogs
  An electric eel (Lair:2)
  A bullfrog zombie (D:10)
  A crimson imp (D:14)
  4 iguanas (Lair:5)
  A hound zombie (D:9)
  An adder (D:10)
  2 frilled lizards (Lair:5)
  3 fungi
82 creatures vanquished.

Vanquished Creatures (others)
  2 slaves (D:5)
  A scorpion (D:5)
  A hound (D:5)
  An orc wizard (D:3)
  4 orcs
  8 fungi
  7 plants
24 creatures vanquished.

Grand Total: 806 creatures vanquished

Notes
Turn   | Place    | Note
-------+----------+-------------------------------------------
     0 | D:1      | MacSuks the Deep Elf Fire Elementalist began the quest for
                  | the Orb.
     0 | D:1      | Reached XP level 1. HP: 10/10 MP: 6/6
   156 | D:1      | Reached XP level 2. HP: 15/15 MP: 5/8
   472 | D:1      | Reached XP level 3. HP: 19/19 MP: 7/10
  1123 | D:2      | Reached skill level 1 in Fighting
  1123 | D:2      | Reached XP level 4. HP: 9/25 MP: 4/11
  1472 | D:2      | Learned a level 3 spell: Conjure Flame
  1477 | D:2      | Learned a level 4 spell: Sticky Flame
  1497 | D:2      | Found a sparkling altar of Nemelex Xobeh.
  1572 | D:2      | Reached XP level 5. HP: 24/29 MP: 6/12
  1731 | D:2      | Reached skill level 4 in Spellcasting
  1826 | D:2      | Noticed Sigmund
  2545 | D:3      | Reached skill level 1 in Shields
  2765 | D:3      | Found a deep blue altar of Sif Muna.
  3219 | D:3      | Reached skill level 5 in Spellcasting
  3219 | D:3      | Reached XP level 6. HP: 16/34 MP: 7/15
  3426 | D:3      | Found a sparkling altar of Nemelex Xobeh.
  3581 | D:3      | Reached skill level 5 in Fire Magic
  3638 | D:4      | Found a hazy altar of Hepliaklqana.
  3994 | D:4      | Found an ancient bone altar of Kikubaaqudgha.
  4158 | D:4      | Found a transporter.
  4161 | D:4      | Noticed derval's ghost (amateur DDEE)
  4163 | D:4      | Identified the +5 great mace of Igevat {drain, Int+3}
  4166 | D:4      | Found a transporter.
  4181 | D:4      | Found a glowing golden altar of the Shining One.
  4719 | D:5      | Entered Level 5 of the Dungeon
  4726 | D:5      | Learned a level 5 spell: Fireball
  4738 | D:5      | Reached XP level 7. HP: 38/38 MP: 11/17
  4921 | D:5      | Reached skill level 6 in Spellcasting
  4921 | D:5      | Noticed Pikel
  5280 | D:4      | Found an ancient bone altar of Kikubaaqudgha.
  5388 | D:4      | Found a hazy altar of Hepliaklqana.
  5597 | D:4      | Killed Pikel
  5597 | D:4      | Reached skill level 7 in Spellcasting
  5597 | D:4      | Reached XP level 8. HP: 14/44 MP: 2/20
  6053 | D:4      | Found a transporter.
  6060 | D:4      | Found a transporter.
  6070 | D:4      | Found a glowing golden altar of the Shining One.
  6474 | D:5      | Found a staircase to the Ecumenical Temple.
  6514 | D:5      | Reached skill level 5 in Conjurations
  6542 | D:5      | Noticed Eustachio
  6552 | D:5      | Killed Eustachio
  6881 | D:6      | Reached skill level 8 in Spellcasting
  7516 | D:6      | Found a shadowy altar of Dithmenos.
  7838 | D:6      | Reached XP level 9. HP: 48/48 MP: 20/23
  8381 | D:7      | Reached skill level 9 in Spellcasting
  8457 | D:7      | Got an ichor-stained ring mail
  8458 | D:7      | Identified the +3 ring mail "Moxonouf" {rPois Stlth+} (You
                  | found it on level 7 of the Dungeon)
  8508 | D:7      | Found a flagged portal.
  8649 | Bailey   | Entered a bailey
 10027 | D:3      | Learned a level 1 spell: Apportation
 10027 | D:3      | Identified Sif Muna's Compendium of Battle Magic
 10249 | D:7      | Reached skill level 5 in Shields
 10909 | D:7      | Reached skill level 10 in Spellcasting
 10909 | D:7      | Reached XP level 10. HP: 54/54 MP: 18/26
 11592 | D:8      | Reached XP level 11. HP: 58/58 MP: 27/27
 11818 | D:8      | Found a glowing golden altar of the Shining One.
 12026 | D:8      | Found an ornate altar of the Wu Jian Council.
 12226 | Temple   | Entered the Ecumenical Temple
 12231 | Temple   | Became a worshipper of Vehumet
 12689 | D:9      | Found a staircase to the Orcish Mines.
 12906 | D:9      | Learned a level 1 spell: Animate Skeleton
 12945 | D:9      | Reached * piety under Vehumet
 12945 | D:9      | Offered knowledge of Sting by Vehumet.
 12950 | D:9      | Noticed Maurice
 13078 | D:9      | Killed Maurice
 13492 | D:9      | Noticed Erolcha
 13508 | D:9      | Killed Erolcha
 13705 | D:10     | Entered Level 10 of the Dungeon
 13869 | D:10     | Noticed Snorg
 13881 | D:10     | Reached skill level 11 in Spellcasting
 13881 | D:10     | Reached skill level 1 in Necromancy
 13918 | D:10     | Killed Snorg
 14286 | D:10     | Reached XP level 12. HP: 64/65 MP: 20/29
 14423 | D:10     | Offered knowledge of Searing Ray by Vehumet.
 14499 | D:10     | Reached ** piety under Vehumet
 15089 | D:10     | Found a staircase to the Lair.
 16247 | D:11     | Offered knowledge of Mephitic Cloud by Vehumet.
 16679 | D:11     | Reached skill level 10 in Fire Magic
 16679 | D:11     | Reached XP level 13. HP: 23/70 MP: 10/30
 16819 | D:11     | Found a portal to a secret trove of treasure.
 16829 | D:11     | Found a shattered altar of Ashenzari.
 17030 | D:12     | Learned a level 3 spell: Dazzling Spray
 17330 | D:12     | Reached *** piety under Vehumet
 17330 | D:12     | Reached skill level 1 in Hexes
 17487 | D:12     | Reached skill level 12 in Spellcasting
 18633 | D:13     | Learned a level 2 spell: Sticks to Snakes
 18810 | D:13     | Reached skill level 10 in Shields
 18813 | D:13     | Offered knowledge of Force Lance by Vehumet.
 18819 | D:13     | Learned a level 4 spell: Force Lance
 19437 | D:13     | Paralysed by an orc sorcerer for 5 turns
 20669 | D:13     | Found Kabrul's Weapon Shoppe.
 20771 | D:13     | Found a burning altar of Makhleb.
 20917 | D:13     | Reached **** piety under Vehumet
 21084 | D:13     | Found a gate to the Vaults.
 21291 | D:14     | Offered knowledge of Irradiate by Vehumet.
 21554 | D:14     | Reached XP level 14. HP: 68/76 MP: 18/32
 21938 | D:13     | Learned a level 5 spell: Irradiate
 22026 | D:14     | Found Cerigudda's Assorted Antiques.
 22413 | Lair:1   | Entered Level 1 of the Lair of Beasts
 23067 | Lair:1   | Got a bloodstained lajatang
 23068 | Lair:1   | Identified the +6 lajatang of the Shining Light {venom,
                  | Str+5} (You found it on level 1 of the Lair of Beasts)
 23430 | Lair:1   | Got a slimy garnet amulet
 23498 | Lair:1   | Reached ***** piety under Vehumet
 23778 | Lair:2   | Reached skill level 13 in Spellcasting
 23816 | Lair:2   | Offered knowledge of Bolt of Fire by Vehumet.
 24573 | Lair:2   | Identified the amulet "Egeler" {+Rage rN+ MP+9 Str+3} (You
                  | found it on level 1 of the Lair of Beasts)
 25313 | Lair:3   | Noticed Sonja
 25319 | Lair:3   | Killed Sonja
 25343 | Lair:3   | Found a staircase to the Snake Pit.
 25355 | Lair:3   | Reached skill level 14 in Spellcasting
 26149 | Lair:4   | Learned a level 3 spell: Regeneration
 26161 | Lair:4   | Reached skill level 1 in Charms
 26265 | Lair:4   | Found a staircase to the Swamp.
 26961 | Lair:5   | Reached skill level 5 in Fighting
 27012 | Lair:5   | Found a staircase to the Slime Pits.
 27070 | Lair:5   | Noticed Nessos
 27083 | Lair:5   | Killed Nessos
 27660 | Lair:6   | Entered Level 6 of the Lair of Beasts
 27679 | Lair:6   | Offered knowledge of Poison Arrow by Vehumet.
 27679 | Lair:6   | Reached XP level 15. HP: 27/82 MP: 35/35
 27694 | Lair:6   | Paralysed by a hornet for 3 turns
 27707 | Lair:6   | Reached skill level 5 in Charms
 28344 | Lair:6   | Got a heavily runed bronze amulet
 28345 | Lair:6   | Identified the amulet of Guntut {Acrobat Str-5 Dex+6} (You
                  | found it on level 6 of the Lair of Beasts)
 28384 | Lair:6   | Reached skill level 1 in Transmutations
 28875 | Lair:6   | Learned a level 2 spell: Swiftness
 29406 | Lair:6   | Learned a level 4 spell: Passage of Golubria
 29536 | Orc:1    | Entered Level 1 of the Orcish Mines
 29573 | Orc:1    | Found Buly's Mass Market.
 29956 | Orc:2    | Entered Level 2 of the Orcish Mines
 29960 | Orc:2    | Noticed Azrael
 30287 | Orc:1    | Learned a level 3 spell: Confuse
 30650 | D:14     | Bought a pair of runed boots for 225 gold pieces
 31017 | D:15     | Entered Level 15 of the Dungeon
 31140 | D:15     | Reached skill level 15 in Spellcasting
 31331 | D:15     | Offered knowledge of Iskenderun's Battlesphere by Vehumet.
 31527 | D:15     | Found the +8 Wrath of Trog {antimagic, *Rage}
 31867 | Snake:1  | Entered Level 1 of the Snake Pit
 31939 | Snake:1  | Reached skill level 10 in Conjurations
 32572 | Snake:1  | Got a warped glaive
 32583 | Snake:1  | Identified the +9 glaive "Ypimp" {chop, Int+2} (You found
                  | it on level 1 of the Snake Pit)
 32801 | Snake:2  | Reached skill level 5 in Hexes
 33117 | Snake:2  | Killed from afar by a shock serpent

Vault maps used:
D:1:      sevenhm_arrival_forest_fort_small_4, minmay_lizard_pond
D:2:      nemelex_lonely_heart_becter, uniq_sigmund
D:3:      lemuel_crystal_altar, led_sif_book, feat_on_display
D:4:      kennysheep_mini_moat, old_standard_altar, kiku_gazebo_pond_becter,
          gammafunk_ghost_smash, first_ration
D:5:      minmay_temple_entry_statues, minmay_fractal_squares_diagonal_5,
          uniq_pikel, uniq_eustachio
D:6:      nicolae_overflow_hidden_temple
D:7:      enter_bailey_3, nzn_random_ring
D:8:      nicolae_overflow_crystal_walls, basic_altar
D:9:      orc_0_dummy, uniq_erolcha, uniq_maurice
D:10:     grunt_lair_entry_orc_guard_hut, serial_bayou, serial_bayou_ford_a,
          serial_bayou_lake_a, uniq_snorg
D:11:     enter_trove_1, hangedman_little_slice_of_home, dk_vineyard_3,
          nicolae_ashenzari_panopticon
D:12:     minivault_24
D:13:     grunt_vaults_entry_fortified, serial_shops, nicolae_shop_trees,
          david_defended_altar_elf
D:14:     serial_shops, shop, infiniplex_staircase_pool_1
D:15:     gammafunk_depths_entry_grave, fedhas_altar_2,
          minmay_guarded_unrand_wrath_of_trog
Temple:   minmay_freezing_vapour_temple
Lair:1:   beast_lair_carwin_7
Lair:2:   chequers_serial_rivers_room_b, serial_bayou_lagoon_a,
          chequers_serial_rivers_micro_e, serial_bayou_shore_b,
          grunt_megastairs_1
Lair:3:   dummy_snake_entry, grunt_megastairs_4, uniq_sonja
Lair:4:   swamp_mist
Lair:5:   lemuel_reptile_caves, dpeg_slime_entry_corner, serial_bayou_shore_b,
          uniq_nessos
Lair:6:   minmay_lair_end_enchanted_forest
Snake:1:  st_stairs_3
Snake:2:  serial_shops, shop, ebering_ghost_gozag, serial_bayou_shore_b,
          minmay_shop_grove
Orc:1:    minmay_shop_mass, nicolae_orc_stony_grotto
Orc:2:    st_orc_open, serial_shops, shop, basic_altar, uniq_azrael
Bailey:   bailey_axe_4, bailey

Skill      XL: |  1  2  3  4  5  6  7  8  9 10 11 12 13 14 15 |
---------------+----------------------------------------------+-----
Fire Magic     | 4 5 6 7 8 9 10 | 10.4
Fighting       | 1 2 3 4 5 6 |  6.2
Conjurations   | 2 3 4 5 7 8 9 10 | 10.2
Spellcasting   | 5 7 8 10 11 12 14 15 | 15.2
Shields        | 1 2 4 5 9 12 13 14 | 14.7
Armour         | 8 |  8.4
Necromancy     | 1 2 |  2.4
Hexes          | 1 5 |  5.0
Charms         | 4 6 |  6.0
Transmutations | 1 |  1.2
Dodging        | 4 |  4.1
Stealth        | 3 |  3.2
Polearms       | |  0.6
Staves         | |  0.4
Translocations | |  0.1
Evocations     | |  0.5

Action                   |  1- 3 |  4- 6 |  7- 9 | 10-12 | 13-15 || total
-------------------------+-------+-------+-------+-------+-------++-------
Melee: Halberd           |       |    23 |    28 |       |       ||    51
       Trident           |       |       |    11 |     4 |   352 ||   367
       Staff             |       |       |       |    10 |     1 ||    11
Throw: Stone             |     1 |       |     1 |       |       ||     2
 Cast: Flame Tongue      |    74 |   156 |   233 |   280 |   544 ||  1287
       Conjure Flame     |       |     1 |     2 |     2 |    21 ||    26
       Sticky Flame      |       |       |    31 |    29 |   165 ||   225
       Fireball          |       |       |     5 |    52 |   181 ||   238
       Apportation       |       |       |     1 |       |       ||     1
       Animate Skeleton  |       |       |       |     7 |   101 ||   108
       Dazzling Spray    |       |       |       |       |    20 ||    20
       Force Lance       |       |       |       |       |     9 ||     9
       Irradiate         |       |       |       |       |    11 ||    11
       Regeneration      |       |       |       |       |    20 ||    20
       Sticks to Snakes  |       |       |       |       |     1 ||     1
       Confuse           |       |       |       |       |     5 ||     5
Evoke: Wand              |       |       |       |     5 |     9 ||    14
  Use: Potion            |       |       |     6 |     4 |     2 ||    12
       Scroll            |       |       |    13 |     2 |    27 ||    42
 Stab: Sleeping          |       |     6 |     1 |       |       ||     7
       Invisible         |       |       |     1 |       |       ||     1
       Distracted        |       |       |       |       |     5 ||     5
       Confused          |       |       |       |       |     2 ||     2
  Eat: Chunk             |       |    11 |    15 |    20 |    43 ||    89
       Ration            |       |       |     2 |     2 |     9 ||    13
Armor: Robe              |     4 |    26 |    54 |       |    74 ||   158
       Ring mail         |       |       |       |    29 |       ||    29
       Troll leather arm |       |       |       |    14 |    85 ||    99
Dodge: Dodged            |    12 |    54 |   149 |    50 |   244 ||   509
       Deflected         |       |       |       |     1 |     9 ||    10
Block: Shield            |       |       |    20 |    57 |   415 ||   492

Table legend:
 A = Non-vault XP
 B = Vault XP
 C = Vault XP percentage of total XP
 D = Non-vault monster count
 E = Vault monster count
 F = Vault count percentage of total count
                 A         B        C        D         E       F
            +---------+---------+-------+---------+---------+-------
      Total |   93087 |   35055 |  27.4 |     556 |     222 |  28.5
            +---------+---------+-------+---------+---------+-------
        D:1 |      69 |      11 |  13.8 |      30 |      11 |  26.8
        D:2 |     141 |       0 |   0.0 |      28 |       0 |   0.0
        D:3 |     149 |      49 |  24.7 |      28 |       2 |   6.7
        D:4 |     285 |     629 |  68.8 |      19 |       1 |   5.0
        D:5 |     534 |     317 |  37.3 |      20 |       5 |  20.0
        D:6 |    1100 |       0 |   0.0 |      20 |       0 |   0.0
        D:7 |    1212 |     721 |  37.3 |      16 |      17 |  51.5
        D:8 |    1198 |       0 |   0.0 |      18 |       0 |   0.0
        D:9 |    2211 |    1419 |  39.1 |      24 |       2 |   7.7
       D:10 |    2386 |    1378 |  36.6 |      46 |       5 |   9.8
       D:11 |    3888 |     421 |   9.8 |      26 |       9 |  25.7
       D:12 |    5134 |       0 |   0.0 |      31 |       0 |   0.0
       D:13 |    7886 |    8311 |  51.3 |      31 |      12 |  27.9
       D:14 |   11748 |     849 |   6.7 |      27 |       1 |   3.6
       D:15 |    2316 |    3108 |  57.3 |       5 |       3 |  37.5
     Lair:1 |    4507 |    3024 |  40.2 |      20 |      32 |  61.5
     Lair:2 |    3659 |    1602 |  30.5 |      21 |       6 |  22.2
     Lair:3 |    4995 |     584 |  10.5 |      25 |       3 |  10.7
     Lair:4 |    6956 |       0 |   0.0 |      25 |       0 |   0.0
     Lair:5 |    4569 |    2436 |  34.8 |      18 |      31 |  63.3
     Lair:6 |   15090 |    7202 |  32.3 |      40 |      46 |  53.5
    Snake:1 |    7263 |    1382 |  16.0 |      15 |       3 |  16.7
    Snake:2 |    4254 |       0 |   0.0 |       8 |       0 |   0.0
      Orc:1 |     956 |     536 |  35.9 |       7 |       3 |  30.0
      Orc:2 |     581 |     484 |  45.4 |       8 |       3 |  27.3
     Bailey |       0 |     592 | 100.0 |       0 |      27 | 100.0
            +---------+---------+-------+---------+---------+-------
